Influenza vs Rafales
Created - June 1, 2017 at 20:54
Goals
|
| Influenza |
0 |
1 |
1 |
2 |
| Rafales |
2 |
1 |
2 |
5 |
|
Shots
|
| Influenza |
7 |
11 |
13 |
31 |
| Rafales |
7 |
14 |
11 |
32 |
|
1st period
1. Rafales , Johan Ryno 2 (Cody McLeod 1, Jeff Skinner 2) at 10:35
2. Rafales , Nathan Davis 2 (Milan Bartovic 2) at 16:24
Penalties :
No Penalty
2nd period
3. Influenza , Martins Karsums 2 (Matt Corrente 1, Jamie Benn 2) at 13:44
4. Rafales , Cody McLeod 4 (Mike Zigomanis 4) at 16:00 (PP)
Penalties :
Ryan Carter (VJB) for Slashing (Minor) at 15:56, Ryan Russell (VJB) for High sticking (Minor) at 18:03
3rd period
5. Rafales , Jeff Skinner 2 (Nathan Davis 3, Michael Bournival 1) at 6:24 (PP)
6. Influenza , Ryan Carter 3 (John Klingberg 1, Mathieu Carle 1) at 16:06 (PP)
7. Rafales , Mike Zigomanis 1 (Cody McLeod 2, Matt Gilroy 2) at 16:58
Penalties :
Philippe Cornet (VJB) for Holding (Minor) at 1:57, Matt Corrente (VJB) for Hooking (Minor) at 6:09, Bruno Gervais (Stf) for Interference (Minor) at 11:14, Johan Ryno (Stf) for Hooking (Minor) at 15:37, Martins Karsums (VJB) for Roughing (Minor) at 18:59
Goalie Stats
Thomas McCollum (VJB), 27 saves from 32 shots - (0.844), L, 0-2-1, 60:00 minutes
John Gibson (Stf), 29 saves from 31 shots - (0.935), W, 3-0-0, 60:00 minutes
Players Stats for Influenza
Player Name G A P +/- PIM S H SB GA TA FO MP PP MP PK MP
------------------------------------------------------------------------------------
Ben Smith 0 0 0 -2 0 2 3 1 0 0 1/1 16:54 0:49 1:19
Carl Gunnarsson 0 0 0 0 0 0 0 1 0 1 0/0 3:59 0:00 0:00
Charlie Coyle 0 0 0 -1 0 0 1 1 0 0 3/6 13:38 0:00 0:30
Corey Tropp 0 0 0 0 0 1 0 0 0 0 0/0 9:20 0:00 0:00
Evgeny Grachev 0 0 0 -2 0 1 3 0 2 1 2/3 15:35 0:49 0:00
Jamie Benn 0 1 1 1 0 1 3 0 0 0 4/7 22:23 1:39 2:58
Jeff May 0 0 0 -1 0 0 1 1 0 0 0/0 21:54 0:52 0:36
Jeremy Morin 0 0 0 -1 0 2 0 1 1 0 0/0 13:20 0:00 0:00
John Klingberg 0 1 1 -1 0 3 1 0 0 1 0/0 27:41 1:36 2:54
Mark Scheifele 0 0 0 0 0 1 0 0 0 1 2/4 5:53 0:00 0:00
Martins Karsums 1 0 1 1 2 7 1 0 1 0 1/2 19:31 1:39 1:00
Mathieu Carle 0 1 1 -1 0 2 3 1 1 1 0/0 27:49 1:36 2:54
Matt Corrente 0 1 1 1 2 1 1 1 0 0 0/0 18:06 0:52 2:08
Oskars Bartulis 0 0 0 -2 0 0 1 0 0 0 0/0 18:43 0:00 2:02
Philippe Cornet 0 0 0 0 2 0 2 0 0 0 0/0 9:04 0:00 0:00
Ryan Carter 1 0 1 1 2 6 3 1 1 2 19/29 21:40 1:39 2:52
Ryan Russell 0 0 0 -1 2 4 1 0 0 0 0/0 12:31 0:00 0:53
T.J Galiardi 0 0 0 -2 0 0 1 0 2 0 0/0 16:37 0:49 1:02
Players Stats for Rafales
Player Name G A P +/- PIM S H SB GA TA FO MP PP MP PK MP
------------------------------------------------------------------------------------
Bruno Gervais 0 0 0 1 2 4 1 2 0 2 0/0 26:13 3:22 0:00
Cody McLeod 1 2 3 1 0 4 1 0 2 0 2/5 21:22 2:40 1:31
Connor Murphy 0 0 0 1 0 0 0 0 0 1 0/0 16:35 1:55 1:43
Dan Fritsche 0 0 0 0 0 1 1 2 0 0 1/4 12:02 0:03 0:35
Jeff Skinner 1 1 2 1 0 3 4 0 0 0 1/1 18:24 2:37 0:45
Johan Ryno 1 0 1 1 2 4 0 1 0 0 1/1 17:09 0:12 0:00
Jonas Junland 0 0 0 1 0 0 1 2 0 0 0/0 15:41 1:55 0:45
Jonathan Rheault 0 0 0 0 0 0 1 0 0 0 0/1 8:45 0:00 0:00
Kevin Veilleux 0 0 0 0 0 2 0 0 0 1 1/3 8:45 0:00 0:00
Mark Fayne 0 0 0 0 0 0 0 0 0 0 0/0 19:56 0:00 0:45
Matt Gilroy 0 1 1 1 0 2 1 2 1 1 0/0 23:29 3:22 0:00
Michael Bournival 0 1 1 0 0 2 0 0 1 0 0/0 11:11 2:25 0:28
Mike Sislo 0 0 0 0 0 1 2 2 1 0 0/0 11:44 0:00 0:00
Mike Zigomanis 1 1 2 1 0 3 3 0 1 1 12/29 21:36 2:48 1:37
Milan Bartovic 0 1 1 1 0 3 2 0 0 0 0/0 14:55 0:00 0:00
Nathan Davis 1 1 2 1 0 3 2 1 0 0 2/8 17:21 2:26 0:00
Tim Crowder 0 0 0 0 0 0 1 0 0 1 0/0 14:13 2:40 0:00
Willie Mitchell 0 0 0 0 0 0 0 3 1 1 0/0 18:09 0:00 1:43
3 Stars
1 - Cody McLeod (Stf)
2 - Jeff Skinner (Stf)
3 - Mike Zigomanis (Stf)
Power Play
Influenza - 1 on 2 Attempt(s) - 50.00%
Rafales - 2 on 5 Attempt(s) - 40.00%
Penalty Kill
Influenza - 3 on 5 Attempt(s) - 60.00%
- Score 0 goal in Penalty Kill
Rafales - 1 on 2 Attempt(s) - 50.00%
- Score 0 goal in Penalty Kill
Team Stat
Influenza - Hits : 25 - Faceoff Wins : 32 - Blocked Shots : 8 - Penalty Minutes : 10
Rafales - Hits : 20 - Faceoff Wins : 20 - Blocked Shots : 15 - Penalty Minutes : 4
Official
Referees : Dwyer Gord and Hebert Ghislain
Linesman : Ryan Galloway and Andy McElman
Game Notes
Carl Gunnarsson is injured at 11:17 of 1st period (Sprained Right Ankle)
Mark Scheifele is injured at 11:33 of 2nd period (Left Leg)
Finance
Level 1 -- Attendance: 1733 (86.65%) -- Ticket Income $60,655
Level 2 -- Attendance: 897 (89.70%) -- Ticket Income $13,455
Total Attendance: 2630 (87.67%)
Total Ticket Income: $74,110
Other Income: $3,706
Total Income: $77,816
Influenza
5 vs 5 Forward
Center Left Wing Right Wing Time % Phy DF OF
1 Ryan Carter Jamie Benn Martins Karsums 40 1 2 2
2 Evgeny Grachev T.J Galiardi Ben Smith 30 1 2 2
3 Charlie Coyle Ryan Russell Jeremy Morin 20 1 2 2
4 Mark Scheifele Philippe Cornet Corey Tropp 10 1 2 2
5 vs 5 Defense
Defense Defense Time % Phy DF OF
1 John Klingberg Mathieu Carle 40 1 2 2
2 Matt Corrente Carl Gunnarsson 30 1 2 2
3 Jeff May Oskars Bartulis 20 1 2 2
4 John Klingberg Mathieu Carle 10 1 2 2
PowerPlay Forward
Center Left Wing Right Wing Time % Phy DF OF
1 Ryan Carter Jamie Benn Martins Karsums 60 1 2 2
2 Evgeny Grachev T.J Galiardi Ben Smith 40 1 2 2
PowerPlay Defense
Defense Defense Time % Phy DF OF
1 John Klingberg Mathieu Carle 60 1 2 2
2 Matt Corrente Carl Gunnarsson 40 1 2 2
Penalty Kill 4 Players Forward
Center Wing Time % Phy DF OF
1 Jamie Benn Ryan Carter 60 1 2 2
2 Martins Karsums Ben Smith 40 1 2 2
Penalty Kill 4 Players Defense
Defense Defense Time % Phy DF OF
1 John Klingberg Mathieu Carle 60 1 2 2
2 Matt Corrente Carl Gunnarsson 40 1 2 2
Penalty Kill - 3 Players Forward
Forward Time % Phy DF OF
1 Jamie Benn 60 1 2 2
2 Ryan Carter 40 1 2 2
Penalty Kill - 3 Players Defense
Defense Defense Time % Phy DF OF
1 John Klingberg Mathieu Carle 60 1 2 2
2 Matt Corrente Carl Gunnarsson 40 1 2 2
4 vs 4 Forward
Center Wing Time % Phy DF OF
1 Jamie Benn Ryan Carter 60 1 2 2
2 Martins Karsums Ben Smith 40 1 2 2
4 vs 4 Defense
Defense Defense Time % Phy DF OF
1 John Klingberg Mathieu Carle 60 1 2 2
2 Matt Corrente Carl Gunnarsson 40 1 2 2
Last Minutes Offensive
Center Left Wing Right Wing Defense Defense
Ryan Carter Jamie Benn Martins Karsums John Klingberg Mathieu Carle
Last Minutes Defensive
Center Left Wing Right Wing Defense Defense
Ryan Carter Jamie Benn Martins Karsums John Klingberg Mathieu Carle
Goaltenders
Starting : Thomas McCollum
Backup : Olivier Roy
Extra Forwards
Normal : Jeremy Morin, Corey Tropp, Ryan Russell - PP : Jeremy Morin, Corey Tropp - PK : Ryan Russell
Extra Defensemen
Normal : Jeff May, Oskars Bartulis, Matt Corrente - PP : Jeff May - PK : Oskars Bartulis, Matt Corrente
Penalty Shots
Jamie Benn, Ryan Carter, Martins Karsums, Ben Smith, T.J Galiardi
Scratches
Mark Scheifele (Left Leg Injury), Jacob Josefson (Healthy), Jordan Schroeder (Healthy), Iiro Pakarinen (Healthy), Brian Salcido (Healthy)
Colin McDonald (Healthy), Jamie Devane (Healthy), Tim Erixon (Healthy), Robbie Earl (Right Foot Injury), Ryan Sproul (Healthy)
Andreas Engqvist (Healthy), Colton Sceviour (Healthy), Carl Gunnarsson (Sprained Right Ankle Injury), T.J Brodie (Healthy), Tyson Sexsmith (Healthy)
Rafales
5 vs 5 Forward
Center Left Wing Right Wing Time % Phy DF OF
1 Mike Zigomanis Cody McLeod Johan Ryno 40 0 3 2
2 Nathan Davis Jeff Skinner Milan Bartovic 30 0 3 2
3 Dan Fritsche Mike Sislo Tim Crowder 20 0 3 2
4 Kevin Veilleux Michael Bournival Jonathan Rheault 10 0 3 2
5 vs 5 Defense
Defense Defense Time % Phy DF OF
1 Bruno Gervais Matt Gilroy 40 0 4 1
2 Mark Fayne Willie Mitchell 30 0 4 1
3 Connor Murphy Jonas Junland 20 0 4 1
4 Mark Fayne Bruno Gervais 10 0 4 1
PowerPlay Forward
Center Left Wing Right Wing Time % Phy DF OF
1 Mike Zigomanis Cody McLeod Tim Crowder 60 0 0 5
2 Nathan Davis Jeff Skinner Michael Bournival 40 0 0 5
PowerPlay Defense
Defense Defense Time % Phy DF OF
1 Bruno Gervais Matt Gilroy 60 0 1 4
2 Connor Murphy Jonas Junland 40 0 1 4
Penalty Kill 4 Players Forward
Center Wing Time % Phy DF OF
1 Cody McLeod Mike Zigomanis 60 0 5 0
2 Dan Fritsche Jeff Skinner 40 0 5 0
Penalty Kill 4 Players Defense
Defense Defense Time % Phy DF OF
1 Connor Murphy Willie Mitchell 60 0 5 0
2 Jonas Junland Mark Fayne 40 0 5 0
Penalty Kill - 3 Players Forward
Forward Time % Phy DF OF
1 Cody McLeod 60 0 5 0
2 Mike Zigomanis 40 0 5 0
Penalty Kill - 3 Players Defense
Defense Defense Time % Phy DF OF
1 Connor Murphy Willie Mitchell 60 0 5 0
2 Jonas Junland Mark Fayne 40 0 5 0
4 vs 4 Forward
Center Wing Time % Phy DF OF
1 Cody McLeod Mike Zigomanis 60 0 1 4
2 Nathan Davis Jeff Skinner 40 0 1 4
4 vs 4 Defense
Defense Defense Time % Phy DF OF
1 Willie Mitchell Matt Gilroy 60 0 3 2
2 Connor Murphy Jonas Junland 40 0 3 2
Last Minutes Offensive
Center Left Wing Right Wing Defense Defense
Mike Zigomanis Cody McLeod Jeff Skinner Matt Gilroy Bruno Gervais
Last Minutes Defensive
Center Left Wing Right Wing Defense Defense
Mike Zigomanis Cody McLeod Michael Bournival Jonas Junland Willie Mitchell
Goaltenders
Starting : John Gibson
Backup : Philipp Grubauer
Extra Forwards
Normal : Cody McLeod, Mike Zigomanis, Jeff Skinner - PP : Cody McLeod, Mike Zigomanis - PK : Michael Bournival
Extra Defensemen
Normal : Bruno Gervais, Willie Mitchell, Connor Murphy - PP : Bruno Gervais - PK : Willie Mitchell, Matt Gilroy
Penalty Shots
Cody McLeod, Mike Zigomanis, Tim Crowder, Jeff Skinner, Nathan Davis
Scratches
Ben Sexton (Healthy), Brian Ferlin (Healthy), Ryan Bourque (Healthy), Carl Klingberg (Healthy), Nicklas Jensen (Healthy)
Geoff Paukovich (Healthy), Jayson Megna (Healthy), Marc-André Gragnani (Healthy), Brad Ross (Healthy), Dylan McIlrath (Healthy)
Petr Kalus (Healthy), Julian Melchiori (Healthy), David Broll (Healthy), Stefan Chaput (Healthy), James Marcou (Healthy)
Dennis Persson (Healthy), Akim Aliu (Healthy), Chris Terry (Healthy), Maksim Mayorov (Healthy), Hunter Tremblay (Healthy)
% Time on Ice - Influenza
Lines # - Real PCT - Wanted PCT - Time Play
Normal Forward
1 - 33% - 40% - 17:10
2 - 28% - 30% - 14:46
3 - 21% - 20% - 11:14
4 - 17% - 10% - 9:05
Normal Defense
1 - 38% - 40% - 19:58
2 - 34% - 30% - 17:54
3 - 23% - 20% - 12:15
4 - 4% - 10% - 2:08
PP Forward
1 - 67% - 60% - 1:39
2 - 33% - 40% - 0:49
PP Defense
1 - 65% - 60% - 1:36
2 - 35% - 40% - 0:52
PK Forward
1 - 75% - 60% - 3:58
2 - 25% - 40% - 1:19
PK Defense
1 - 55% - 60% - 2:54
2 - 45% - 40% - 2:23
PK3 Forward
1 - 0% - 60%
2 - 0% - 40%
PK3 Defense
1 - 0% - 60%
2 - 0% - 40%
44 Forward
1 - 0% - 60%
2 - 0% - 40%
44 Defense
1 - 0% - 60%
2 - 0% - 40%
Last Minute Offensive - 0:00
Last Minute Defensive - 0:00
Total
Forward - 60:00
Defense - 60:00
|
% Time on Ice - Rafales
Lines # - Real PCT - Wanted PCT - Time Play
Normal Forward
1 - 33% - 40% - 17:18
2 - 29% - 30% - 14:55
3 - 22% - 20% - 11:17
4 - 17% - 10% - 8:45
Normal Defense
1 - 39% - 40% - 20:07
2 - 30% - 30% - 15:37
3 - 25% - 20% - 12:57
4 - 7% - 10% - 3:34
PP Forward
1 - 54% - 60% - 2:51
2 - 46% - 40% - 2:26
PP Defense
1 - 64% - 60% - 3:22
2 - 36% - 40% - 1:55
PK Forward
1 - 89% - 60% - 2:11
2 - 11% - 40% - 0:17
PK Defense
1 - 70% - 60% - 1:43
2 - 30% - 40% - 0:45
PK3 Forward
1 - 0% - 60%
2 - 0% - 40%
PK3 Defense
1 - 0% - 60%
2 - 0% - 40%
44 Forward
1 - 0% - 60%
2 - 0% - 40%
44 Defense
1 - 0% - 60%
2 - 0% - 40%
Last Minute Offensive - 0:00
Last Minute Defensive - 0:00
Total
Forward - 60:00
Defense - 60:00
|
Play by Play
1st period
0:01 of 1st period - Ryan Carter wins face-off versus Mike Zigomanis in neutral zone.
0:55 of 1st period - Wrist shot by Corey Tropp.
0:55 of 1st period - Stopped by John Gibson without a rebound.
0:56 of 1st period - Charlie Coyle wins face-off versus Jonathan Rheault in Rafales zone.
1:31 of 1st period - Backhand shot by Cody McLeod.
1:31 of 1st period - Stopped by Thomas McCollum with a rebound.
2:43 of 1st period - Slapshot by Nathan Davis.
2:43 of 1st period - Shot Misses the Net.
2:55 of 1st period - Snap shot by Martins Karsums.
2:55 of 1st period - Shot Blocked by Bruno Gervais.
2:57 of 1st period - Snap shot by Ryan Carter.
2:57 of 1st period - Shot Misses the Net.
2:59 of 1st period - Snap shot by Ryan Carter.
2:59 of 1st period - Stopped by John Gibson with a rebound.
3:01 of 1st period - Backhand shot by Ryan Carter.
3:01 of 1st period - Shot Blocked by Mike Sislo.
3:47 of 1st period - Matt Corrente is hit by Nathan Davis and loses puck.
3:58 of 1st period - Martins Karsums is hit by Jonathan Rheault and loses puck.
5:16 of 1st period - Wrist shot by Jamie Benn.
5:16 of 1st period - Shot Misses the Net.
5:20 of 1st period - Wrist shot by Jamie Benn.
5:20 of 1st period - Shot Blocked by Jonas Junland.
5:37 of 1st period - Off-side.
5:38 of 1st period - Evgeny Grachev wins face-off versus Mike Zigomanis in neutral zone.
6:31 of 1st period - Slapshot by Mike Sislo.
6:31 of 1st period - Shot Misses the Net.
7:55 of 1st period - Mathieu Carle is hit by Mike Sislo.
9:12 of 1st period - T.J Galiardi is hit by Mike Zigomanis and loses puck.
9:35 of 1st period - Slapshot by Tim Crowder.
9:35 of 1st period - Shot Blocked by Carl Gunnarsson.
9:37 of 1st period - Slapshot by Bruno Gervais.
9:37 of 1st period - Stopped by Thomas McCollum with a rebound.
9:59 of 1st period - Wrist shot by Ryan Carter.
9:59 of 1st period - Shot Misses the Net.
10:35 of 1st period - Slapshot by Cody McLeod.
10:35 of 1st period - Deflect By Johan Ryno.
10:35 of 1st period - Goal by Johan Ryno - Influenza : 0 - Rafales : 1.
10:36 of 1st period - Ryan Carter wins face-off versus Mike Zigomanis in neutral zone.
10:39 of 1st period - Bruno Gervais is hit by Ryan Carter and loses puck.
11:08 of 1st period - Wrist shot by T.J Galiardi.
11:08 of 1st period - Deflect By Milan Bartovic.
11:08 of 1st period - Shot Misses the Net.
11:08 of 1st period - Puck is out of play.
11:09 of 1st period - Ryan Carter wins face-off versus Nathan Davis in Rafales zone.
11:16 of 1st period - Carl Gunnarsson is hit by Matt Gilroy and loses puck.
11:17 of 1st period - Carl Gunnarsson from Influenza is injured at 11:17 of 1st period (Sprained Right Ankle).
11:18 of 1st period - Mike Zigomanis wins face-off versus Ryan Carter in Influenza zone.
11:27 of 1st period - Snap shot by Cody McLeod.
11:27 of 1st period - Shot Blocked by Ryan Carter.
12:11 of 1st period - Snap shot by Jeremy Morin.
12:11 of 1st period - Stopped by John Gibson without a rebound.
12:12 of 1st period - Ryan Carter wins face-off versus Mike Zigomanis in Rafales zone.
12:13 of 1st period - Wrist shot by Martins Karsums.
12:13 of 1st period - Stopped by John Gibson with a rebound.
12:43 of 1st period - Slapshot by Jeff May.
12:43 of 1st period - Shot Blocked by Nathan Davis.
12:50 of 1st period - Icing by Nathan Davis.
12:51 of 1st period - Jeff Skinner wins face-off versus Charlie Coyle in Rafales zone.
12:56 of 1st period - Snap shot by Nathan Davis.
12:56 of 1st period - Shot Misses the Net.
12:58 of 1st period - Snap shot by Milan Bartovic.
12:58 of 1st period - Shot Hit the Post.
13:00 of 1st period - Backhand shot by Bruno Gervais.
13:00 of 1st period - Deflect By Nathan Davis.
13:00 of 1st period - Stopped by Thomas McCollum with a rebound.
13:02 of 1st period - Wrist shot by Nathan Davis.
13:02 of 1st period - Shot Blocked by Jeremy Morin.
13:04 of 1st period - Slapshot by Bruno Gervais.
13:04 of 1st period - Stopped by Thomas McCollum without a rebound.
13:05 of 1st period - Ryan Carter wins face-off versus Mike Zigomanis in Influenza zone.
13:30 of 1st period - Mike Zigomanis is hit by Charlie Coyle and loses puck.
13:39 of 1st period - Wrist shot by Jeremy Morin.
13:39 of 1st period - Shot Misses the Net.
13:43 of 1st period - Snap shot by Ryan Russell.
13:43 of 1st period - Shot Misses the Net.
13:53 of 1st period - Mike Sislo is hit by Matt Corrente and loses puck.
14:18 of 1st period - John Klingberg is hit by Jeff Skinner and loses puck.
14:27 of 1st period - Wrist shot by Jeff Skinner.
14:27 of 1st period - Stopped by Thomas McCollum without a rebound.
14:28 of 1st period - Nathan Davis wins face-off versus Mark Scheifele in Influenza zone.
14:53 of 1st period - Ryan Carter is hit by Bruno Gervais and loses puck.
15:20 of 1st period - Slapshot by Cody McLeod.
15:20 of 1st period - Shot Blocked by Ben Smith.
15:48 of 1st period - Snap shot by Jeremy Morin.
15:48 of 1st period - Deflect By Ryan Russell.
15:48 of 1st period - Shot Blocked by Jonas Junland.
15:48 of 1st period - Puck is out of play.
15:49 of 1st period - Mike Zigomanis wins face-off versus Martins Karsums in Rafales zone.
16:24 of 1st period - Snap shot by Nathan Davis.
16:24 of 1st period - Goal by Nathan Davis - Influenza : 0 - Rafales : 2.
16:25 of 1st period - Ryan Carter wins face-off versus Mike Zigomanis in neutral zone.
16:30 of 1st period - Slapshot by Jamie Benn.
16:30 of 1st period - Shot Misses the Net.
16:50 of 1st period - Ben Smith is hit by Jeff Skinner and loses puck.
16:59 of 1st period - Jeff May is hit by Nathan Davis and loses puck.
17:38 of 1st period - Snap shot by Mark Scheifele.
17:38 of 1st period - Stopped by John Gibson without a rebound.
17:39 of 1st period - Mark Scheifele wins face-off versus Mike Zigomanis in Rafales zone.
17:54 of 1st period - Wrist shot by Mike Zigomanis.
17:54 of 1st period - Shot Hit the Post.
18:48 of 1st period - Slapshot by John Klingberg.
18:48 of 1st period - Shot Blocked by Mike Sislo.
19:14 of 1st period - Snap shot by Mark Scheifele.
19:14 of 1st period - Shot Misses the Net.
19:34 of 1st period - Wrist shot by Martins Karsums.
19:34 of 1st period - Stopped by John Gibson with a rebound.
19:36 of 1st period - Wrist shot by Martins Karsums.
19:36 of 1st period - Stopped by John Gibson without a rebound.
19:37 of 1st period - Ryan Carter wins face-off versus Dan Fritsche in Rafales zone.
Goals for this period are 0 for Influenza vs 2 for Rafales.
Shots for this period are 7 for Influenza vs 7 for Rafales.
2nd period
0:01 of 2nd period - Mike Zigomanis wins face-off versus Ryan Carter in neutral zone.
0:26 of 2nd period - Jeff Skinner is hit by Ben Smith and loses puck.
0:52 of 2nd period - Philippe Cornet is hit by Milan Bartovic and loses puck.
1:02 of 2nd period - Off-side.
1:03 of 2nd period - Mike Zigomanis wins face-off versus Charlie Coyle in neutral zone.
1:14 of 2nd period - Wrist shot by Johan Ryno.
1:14 of 2nd period - Stopped by Thomas McCollum without a rebound.
1:15 of 2nd period - Ryan Carter wins face-off versus Cody McLeod in Influenza zone.
1:26 of 2nd period - Snap shot by Ryan Carter.
1:26 of 2nd period - Stopped by John Gibson without a rebound.
1:27 of 2nd period - Ryan Carter wins face-off versus Mike Zigomanis in Rafales zone.
1:30 of 2nd period - Snap shot by Martins Karsums.
1:30 of 2nd period - Shot Blocked by Johan Ryno.
1:52 of 2nd period - Nathan Davis is hit by John Klingberg and loses puck.
2:21 of 2nd period - Slapshot by John Klingberg.
2:21 of 2nd period - Shot Blocked by Dan Fritsche.
3:37 of 2nd period - Slapshot by Ryan Russell.
3:37 of 2nd period - Stopped by John Gibson without a rebound.
3:38 of 2nd period - Mike Zigomanis wins face-off versus Charlie Coyle in Rafales zone.
3:43 of 2nd period - Snap shot by Bruno Gervais.
3:43 of 2nd period - Stopped by Thomas McCollum with a rebound.
3:51 of 2nd period - Wrist shot by Jeremy Morin.
3:51 of 2nd period - Shot Blocked by Bruno Gervais.
4:03 of 2nd period - Snap shot by Jeremy Morin.
4:03 of 2nd period - Deflect By Ryan Russell.
4:03 of 2nd period - Stopped by John Gibson with a rebound.
4:05 of 2nd period - Snap shot by Matt Corrente.
4:05 of 2nd period - Shot Blocked by Matt Gilroy.
4:07 of 2nd period - Snap shot by Ryan Russell.
4:07 of 2nd period - Stopped by John Gibson with a rebound.
4:09 of 2nd period - Slapshot by Jeremy Morin.
4:09 of 2nd period - Shot Blocked by Matt Gilroy.
4:11 of 2nd period - Slapshot by Matt Corrente.
4:11 of 2nd period - Stopped by John Gibson with a rebound.
4:19 of 2nd period - Wrist shot by Ryan Russell.
4:19 of 2nd period - Stopped by John Gibson with a rebound.
4:21 of 2nd period - Backhand shot by John Klingberg.
4:21 of 2nd period - Shot Misses the Net.
4:23 of 2nd period - Snap shot by Jeremy Morin.
4:23 of 2nd period - Shot Misses the Net.
4:25 of 2nd period - Snap shot by Jeremy Morin.
4:25 of 2nd period - Stopped by John Gibson with a rebound.
4:41 of 2nd period - Snap shot by Mike Zigomanis.
4:41 of 2nd period - Shot Blocked by Matt Corrente.
4:52 of 2nd period - Oskars Bartulis is hit by Mike Zigomanis and loses puck.
5:01 of 2nd period - Slapshot by Mike Zigomanis.
5:01 of 2nd period - Shot Blocked by Charlie Coyle.
5:05 of 2nd period - Slapshot by Mike Zigomanis.
5:05 of 2nd period - Stopped by Thomas McCollum with a rebound.
5:07 of 2nd period - Snap shot by Johan Ryno.
5:07 of 2nd period - Stopped by Thomas McCollum with a rebound.
5:09 of 2nd period - Slapshot by Jonas Junland.
5:09 of 2nd period - Shot Misses the Net.
5:11 of 2nd period - Slapshot by Mark Fayne.
5:11 of 2nd period - Shot Misses the Net.
5:13 of 2nd period - Backhand shot by Johan Ryno.
5:13 of 2nd period - Shot Misses the Net.
5:15 of 2nd period - Wrist shot by Cody McLeod.
5:15 of 2nd period - Stopped by Thomas McCollum without a rebound.
5:16 of 2nd period - Ryan Carter wins face-off versus Nathan Davis in Influenza zone.
5:50 of 2nd period - Mark Fayne is hit by T.J Galiardi and loses puck.
6:33 of 2nd period - Snap shot by Michael Bournival.
6:33 of 2nd period - Stopped by Thomas McCollum with a rebound.
6:35 of 2nd period - Snap shot by Mark Fayne.
6:35 of 2nd period - Shot Blocked by Jeff May.
8:48 of 2nd period - Tim Crowder is hit by Philippe Cornet and loses puck.
9:47 of 2nd period - Matt Corrente is hit by Jonas Junland and loses puck.
9:58 of 2nd period - Cody McLeod is hit by Jamie Benn.
10:58 of 2nd period - Icing by Johan Ryno.
10:59 of 2nd period - Evgeny Grachev wins face-off versus Kevin Veilleux in Rafales zone.
11:20 of 2nd period - Slapshot by Willie Mitchell.
11:20 of 2nd period - Deflect By Johan Ryno.
11:20 of 2nd period - Shot Blocked by Mathieu Carle.
11:20 of 2nd period - Puck is out of play.
11:21 of 2nd period - Johan Ryno wins face-off versus Mark Scheifele in Influenza zone.
11:31 of 2nd period - Icing by Jeff May.
11:32 of 2nd period - Mark Scheifele wins face-off versus Mike Zigomanis in Influenza zone.
11:32 of 2nd period - Mark Scheifele is hit by Mike Zigomanis.
11:33 of 2nd period - Mark Scheifele from Influenza is injured at 11:33 of 2nd period (Left Leg).
11:34 of 2nd period - Martins Karsums wins face-off versus Mike Zigomanis in Influenza zone.
11:41 of 2nd period - Snap shot by Mike Zigomanis.
11:41 of 2nd period - Deflect By Martins Karsums.
11:41 of 2nd period - Stopped by Thomas McCollum with a rebound.
11:43 of 2nd period - Slapshot by Matt Gilroy.
11:43 of 2nd period - Stopped by Thomas McCollum with a rebound.
13:13 of 2nd period - Snap shot by Johan Ryno.
13:13 of 2nd period - Shot Misses the Net.
13:15 of 2nd period - Snap shot by Johan Ryno.
13:15 of 2nd period - Stopped by Thomas McCollum without a rebound.
13:16 of 2nd period - Ryan Carter wins face-off versus Nathan Davis in Influenza zone.
13:21 of 2nd period - Milan Bartovic is hit by Jamie Benn and loses puck.
13:28 of 2nd period - Snap shot by Martins Karsums.
13:28 of 2nd period - Stopped by John Gibson without a rebound.
13:29 of 2nd period - Mike Zigomanis wins face-off versus Jamie Benn in Rafales zone.
13:40 of 2nd period - Slapshot by Jamie Benn.
13:40 of 2nd period - Shot Misses the Net.
13:42 of 2nd period - Wrist shot by Jamie Benn.
13:42 of 2nd period - Shot Misses the Net.
13:44 of 2nd period - Slapshot by Matt Corrente.
13:44 of 2nd period - Deflect By Martins Karsums.
13:44 of 2nd period - Goal by Martins Karsums - Influenza : 1 - Rafales : 2.
13:45 of 2nd period - Ryan Carter wins face-off versus Mike Zigomanis in neutral zone.
13:48 of 2nd period - Snap shot by Martins Karsums.
13:48 of 2nd period - Shot Hit the Post.
14:00 of 2nd period - Snap shot by Cody McLeod.
14:00 of 2nd period - Deflect By Ryan Carter.
14:00 of 2nd period - Stopped by Thomas McCollum with a rebound.
14:15 of 2nd period - Wrist shot by Ben Smith.
14:15 of 2nd period - Stopped by John Gibson without a rebound.
14:16 of 2nd period - Nathan Davis wins face-off versus Evgeny Grachev in Rafales zone.
15:01 of 2nd period - Oskars Bartulis is hit by Mike Sislo and loses puck.
15:14 of 2nd period - Jeremy Morin is hit by Dan Fritsche and loses puck.
15:39 of 2nd period - Connor Murphy is hit by Evgeny Grachev and loses puck.
15:56 of 2nd period - Minor Penalty to Ryan Carter for Slashing.
15:57 of 2nd period - Mike Zigomanis wins face-off versus Jamie Benn in Influenza zone.
16:00 of 2nd period - Slapshot by Cody McLeod.
16:00 of 2nd period - Goal by Cody McLeod - Influenza : 1 - Rafales : 3.
16:01 of 2nd period - Mike Zigomanis wins face-off versus Ryan Carter in neutral zone.
16:14 of 2nd period - Bruno Gervais is hit by Mathieu Carle and loses puck.
16:35 of 2nd period - Wrist shot by Jeff Skinner.
16:35 of 2nd period - Stopped by Thomas McCollum with a rebound.
16:37 of 2nd period - Wrist shot by Milan Bartovic.
16:37 of 2nd period - Stopped by Thomas McCollum with a rebound.
16:39 of 2nd period - Slapshot by Bruno Gervais.
16:39 of 2nd period - Stopped by Thomas McCollum with a rebound.
16:48 of 2nd period - Icing by Evgeny Grachev.
16:49 of 2nd period - Charlie Coyle wins face-off versus Dan Fritsche in Influenza zone.
17:12 of 2nd period - Icing by Mike Sislo.
17:13 of 2nd period - Ryan Carter wins face-off versus Dan Fritsche in Rafales zone.
17:18 of 2nd period - Slapshot by John Klingberg.
17:18 of 2nd period - Stopped by John Gibson with a rebound.
18:03 of 2nd period - Minor Penalty to Ryan Russell for High sticking.
18:04 of 2nd period - Mike Zigomanis wins face-off versus Jamie Benn in Influenza zone.
18:18 of 2nd period - Slapshot by Cody McLeod.
18:18 of 2nd period - Shot Misses the Net.
18:20 of 2nd period - Slapshot by Mike Zigomanis.
18:20 of 2nd period - Shot Misses the Net.
19:05 of 2nd period - Jeff Skinner is hit by Ryan Carter and loses puck.
19:21 of 2nd period - Ben Smith is hit by Jeff Skinner and loses puck.
19:32 of 2nd period - Mike Zigomanis is hit by Oskars Bartulis and loses puck.
19:49 of 2nd period - Matt Gilroy is hit by Mathieu Carle and loses puck.
Goals for this period are 1 for Influenza vs 1 for Rafales.
Shots for this period are 11 for Influenza vs 14 for Rafales.
3rd period
0:01 of 3rd period - Jamie Benn wins face-off versus Mike Zigomanis in neutral zone.
0:03 of 3rd period - Penalty to Ryan Russell is over, Ryan Russell is back on ice.
0:04 of 3rd period - Mike Zigomanis is hit by Jamie Benn and loses puck.
1:45 of 3rd period - Snap shot by Milan Bartovic.
1:45 of 3rd period - Shot Misses the Net.
1:47 of 3rd period - Slapshot by Mark Fayne.
1:47 of 3rd period - Shot Misses the Net.
1:49 of 3rd period - Wrist shot by Milan Bartovic.
1:49 of 3rd period - Stopped by Thomas McCollum with a rebound.
1:57 of 3rd period - Minor Penalty to Philippe Cornet for Holding.
1:58 of 3rd period - Jamie Benn wins face-off versus Mike Zigomanis in Influenza zone.
3:05 of 3rd period - Matt Corrente is hit by Jeff Skinner and loses puck.
3:57 of 3rd period - Penalty to Philippe Cornet is over, Philippe Cornet is back on ice.
4:18 of 3rd period - Kevin Veilleux is hit by Mathieu Carle.
4:32 of 3rd period - Wrist shot by Ben Smith.
4:32 of 3rd period - Shot Blocked by Dan Fritsche.
4:58 of 3rd period - Wrist shot by Ben Smith.
4:58 of 3rd period - Stopped by John Gibson with a rebound.
5:17 of 3rd period - Dan Fritsche is hit by Martins Karsums and loses puck.
6:09 of 3rd period - Minor Penalty to Matt Corrente for Hooking.
6:10 of 3rd period - Jamie Benn wins face-off versus Nathan Davis in Influenza zone.
6:24 of 3rd period - Snap shot by Jeff Skinner.
6:24 of 3rd period - Goal by Jeff Skinner - Influenza : 1 - Rafales : 4.
6:25 of 3rd period - Ryan Carter wins face-off versus Mike Zigomanis in neutral zone.
7:16 of 3rd period - Slapshot by Mathieu Carle.
7:16 of 3rd period - Stopped by John Gibson with a rebound.
7:24 of 3rd period - Mathieu Carle is hit by Tim Crowder and loses puck.
8:12 of 3rd period - Nathan Davis is hit by Evgeny Grachev and loses puck.
9:23 of 3rd period - Snap shot by Ryan Carter.
9:23 of 3rd period - Stopped by John Gibson with a rebound.
9:56 of 3rd period - Wrist shot by John Klingberg.
9:56 of 3rd period - Stopped by John Gibson with a rebound.
9:58 of 3rd period - Wrist shot by John Klingberg.
9:58 of 3rd period - Shot Misses the Net.
10:20 of 3rd period - Jonas Junland is hit by Jeff May and loses puck.
10:33 of 3rd period - Connor Murphy is hit by Ben Smith.
10:44 of 3rd period - Kevin Veilleux is hit by Philippe Cornet and loses puck.
11:03 of 3rd period - Wrist shot by Nathan Davis.
11:03 of 3rd period - Stopped by Thomas McCollum with a rebound.
11:05 of 3rd period - Snap shot by Matt Gilroy.
11:05 of 3rd period - Deflect By Nathan Davis.
11:05 of 3rd period - Shot Misses the Net.
11:05 of 3rd period - Puck is out of play.
11:06 of 3rd period - Mike Zigomanis wins face-off versus Ryan Carter in Influenza zone.
11:14 of 3rd period - Minor Penalty to Bruno Gervais for Interference.
11:15 of 3rd period - Ryan Carter wins face-off versus Cody McLeod in Rafales zone.
11:15 of 3rd period - Snap shot by Martins Karsums.
11:15 of 3rd period - Deflect By Jamie Benn.
11:15 of 3rd period - Stopped by John Gibson without a rebound.
11:16 of 3rd period - Ryan Carter wins face-off versus Mike Zigomanis in Rafales zone.
11:21 of 3rd period - Wrist shot by Ryan Carter.
11:21 of 3rd period - Stopped by John Gibson without a rebound.
11:22 of 3rd period - Cody McLeod wins face-off versus Ryan Carter in Rafales zone.
13:14 of 3rd period - Penalty to Bruno Gervais is over, Bruno Gervais is back on ice.
13:17 of 3rd period - Dan Fritsche is hit by Ryan Russell.
13:20 of 3rd period - Off-side.
13:21 of 3rd period - Charlie Coyle wins face-off versus Kevin Veilleux in neutral zone.
13:31 of 3rd period - Slapshot by Mathieu Carle.
13:31 of 3rd period - Stopped by John Gibson with a rebound.
14:01 of 3rd period - Snap shot by Milan Bartovic.
14:01 of 3rd period - Stopped by Thomas McCollum without a rebound.
14:02 of 3rd period - Ryan Carter wins face-off versus Nathan Davis in Influenza zone.
14:52 of 3rd period - Evgeny Grachev is hit by Cody McLeod.
15:18 of 3rd period - Wrist shot by Michael Bournival.
15:18 of 3rd period - Stopped by Thomas McCollum without a rebound.
15:19 of 3rd period - Kevin Veilleux wins face-off versus Ryan Carter in Influenza zone.
15:22 of 3rd period - Snap shot by Kevin Veilleux.
15:22 of 3rd period - Stopped by Thomas McCollum with a rebound.
15:26 of 3rd period - Wrist shot by Michael Bournival.
15:26 of 3rd period - Shot Misses the Net.
15:28 of 3rd period - Snap shot by Michael Bournival.
15:28 of 3rd period - Deflect By Kevin Veilleux.
15:28 of 3rd period - Stopped by Thomas McCollum without a rebound.
15:29 of 3rd period - Mike Zigomanis wins face-off versus Ryan Carter in Influenza zone.
15:30 of 3rd period - Wrist shot by Cody McLeod.
15:30 of 3rd period - Shot Misses the Net.
15:37 of 3rd period - Minor Penalty to Johan Ryno for Hooking.
15:38 of 3rd period - Cody McLeod wins face-off versus Ryan Carter in Rafales zone.
15:50 of 3rd period - Slapshot by John Klingberg.
15:50 of 3rd period - Stopped by John Gibson with a rebound.
15:52 of 3rd period - Wrist shot by Ryan Carter.
15:52 of 3rd period - Deflect By Cody McLeod.
15:52 of 3rd period - Shot Blocked by Willie Mitchell.
15:52 of 3rd period - Puck is out of play.
15:53 of 3rd period - Ryan Carter wins face-off versus Cody McLeod in Rafales zone.
15:56 of 3rd period - Slapshot by Martins Karsums.
15:56 of 3rd period - Stopped by John Gibson with a rebound.
16:00 of 3rd period - Slapshot by Mathieu Carle.
16:00 of 3rd period - Shot Blocked by Willie Mitchell.
16:02 of 3rd period - Wrist shot by Ryan Carter.
16:02 of 3rd period - Stopped by John Gibson with a rebound.
16:04 of 3rd period - Slapshot by John Klingberg.
16:04 of 3rd period - Shot Blocked by Willie Mitchell.
16:06 of 3rd period - Wrist shot by Ryan Carter.
16:06 of 3rd period - Goal by Ryan Carter - Influenza : 2 - Rafales : 4.
16:07 of 3rd period - Mike Zigomanis wins face-off versus Ryan Carter in neutral zone.
16:32 of 3rd period - Johan Ryno is hit by Ben Smith and loses puck.
16:58 of 3rd period - Snap shot by Mike Zigomanis.
16:58 of 3rd period - Goal by Mike Zigomanis - Influenza : 2 - Rafales : 5.
16:59 of 3rd period - Ryan Carter wins face-off versus Nathan Davis in neutral zone.
17:12 of 3rd period - Slapshot by Martins Karsums.
17:12 of 3rd period - Stopped by John Gibson with a rebound.
17:35 of 3rd period - Jeremy Morin is hit by Milan Bartovic and loses puck.
17:56 of 3rd period - Matt Gilroy is hit by Evgeny Grachev.
18:03 of 3rd period - Icing by Ben Smith.
18:04 of 3rd period - Ben Smith wins face-off versus Mike Zigomanis in Influenza zone.
18:34 of 3rd period - Backhand shot by Evgeny Grachev.
18:34 of 3rd period - Shot Misses the Net.
18:36 of 3rd period - Slapshot by Jeff May.
18:36 of 3rd period - Deflect By Evgeny Grachev.
18:36 of 3rd period - Stopped by John Gibson without a rebound.
18:37 of 3rd period - Dan Fritsche wins face-off versus Ryan Carter in Rafales zone.
18:37 of 3rd period - Dan Fritsche is hit by Ryan Carter.
18:43 of 3rd period - Snap shot by Tim Crowder.
18:43 of 3rd period - Deflect By Mike Sislo.
18:43 of 3rd period - Stopped by Thomas McCollum with a rebound.
18:45 of 3rd period - Backhand shot by Mike Sislo.
18:45 of 3rd period - Shot Misses the Net.
18:47 of 3rd period - Slapshot by Bruno Gervais.
18:47 of 3rd period - Deflect By Dan Fritsche.
18:47 of 3rd period - Stopped by Thomas McCollum with a rebound.
18:59 of 3rd period - Minor Penalty to Martins Karsums for Roughing.
19:00 of 3rd period - Jamie Benn wins face-off versus Mike Zigomanis in Influenza zone.
19:13 of 3rd period - Slapshot by Mike Zigomanis.
19:13 of 3rd period - Shot Misses the Net.
19:15 of 3rd period - Backhand shot by Matt Gilroy.
19:15 of 3rd period - Stopped by Thomas McCollum with a rebound.
Goals for this period are 1 for Influenza vs 2 for Rafales.
Shots for this period are 13 for Influenza vs 11 for Rafales.
Back to the Top